 Dungeon Crawl Stone Soup version 0.28.0-53-g5a82cb258f (webtiles) character file.

Game seed: 1786999366251229527

121 greena the Skirmisher (level 4, -2/41 HPs)
             Began as a Minotaur Abyssal Knight on May 26, 2022.
             Was a Believer of Lugonu.
             Slain by a river rat (5 damage)
             ... in a sewer.
             The game lasted 00:11:48 (2377 turns).

greena the Skirmisher (Minotaur Abyssal Knight)     Turns: 2377, Time: 00:11:49

Health: -2/41      AC:  4    Str: 20    XL:     4   Next: 77%
Magic:  4/4        EV: 11    Int:  7    God:    Lugonu [**....]
Gold:   91         SH:  0    Dex: 10    Spells: 3/3 levels left

rFire   . . .      SeeInvis .   a - +2 spear
rCold   . . .      Faith    .   (no shield)
rNeg    . . .      Spirit   .   b - +0 leather armour
rPois   .          Reflect  .   e - +0 hat
rElec   .          Harm     .   i - +0 cloak
rCorr   .          Rampage  .   (no gloves)
Will    .....                   (no boots)
Stlth   +.........              (no amulet)
HPRegen 0.13/turn               (no ring)
MPRegen 0.09/turn               (no ring)

@: very slow
A: horns 2, retaliatory headbutt
a: Renounce Religion, Depart the Abyss, Bend Space


You were in a sewer.
You worshipped Lugonu.
Lugonu was pleased with you.
You visited 1 branch of the dungeon, and saw 3 of its levels.
You visited the Abyss 1 time.
You also visited: Sewer.

You collected 91 gold pieces.

Inventory:

Hand Weapons
 a - a +2 spear (weapon)
Armour
 b - a +0 leather armour (worn)
 e - a +0 hat (worn)
 i - a +0 cloak (worn)
Jewellery
 m - a ring of ice
Scrolls
 f - 2 scrolls of identify
 g - a scroll of holy word {unknown}
 l - 2 scrolls of teleportation
Potions
 d - 3 potions of brilliance
 h - a potion of magic {unknown}
 j - a potion of ambrosia {unknown}
 n - a potion of might {unknown}


   Skills:
 + Level 4.5 Fighting
 + Level 3.8 Polearms
 + Level 3.6 Armour
 + Level 1.8 Dodging
 + Level 0.3 Stealth
 + Level 2.2 Invocations


You had 3 spell levels left.
You didn't know any spells.
Your spell library contained the following spells:

 Spells                   Type           Power      Damage    Failure   Level
 Corpse Rot               Necr/Air       0%         N/A       63%         2
 Tukima's Dance           Hex            0%         N/A       85%         3
 Anguish                  Hex/Necr       0%         N/A       99%         4
 Dispel Undead            Necr           0%         3d6       99%         4
 Death Channel            Necr           0%         N/A       100%        6
 Enfeeble                 Hex            0%         N/A       100%        7


Dungeon Overview and Level Annotations

Branches:
Dungeon (3/15)              Sewer (1/1)

Altars:
Gozag
Sif Muna

Shops:
D:1 [


Innate Abilities, Weirdness & Mutations

You have a pair of horns on your head.
You reflexively headbutt those who attack you in melee.


Message History

The river rat closely misses you. You furiously retaliate!
You headbutt the river rat!
You kill the river rat!
Lugonu accepts your kill.
You see here a river rat corpse.
You enter the shallow water.
Moving in this stuff is going to be slow.
You enter the shallow water.
Moving in this stuff is going to be slow.
Found a glowing drain.
There is a glowing drain here.
The world spins around you as you enter the gateway.
You enter a sewer!
Found a gate leading back out of this place.
There is an empty arch of ancient stone here. 2 rats come into view.
You enter the shallow water.
Moving in this stuff is going to be slow.
The rat closely misses you. You furiously retaliate!
You headbutt the rat.
You kill the rat!
Lugonu accepts your kill.
You hit the rat.
You kill the rat!
Lugonu accepts your kill.
You can now bend space around yourself.
You barely miss the river rat.
The river rat twitches its whiskers.
The river rat bites you.
Your unstable footing causes you to fumble your attack.
The rat splashes around in the water.
The river rat bites you!
* * * LOW HITPOINT WARNING * * *
Your unstable footing causes you to fumble your attack.
The rat bites you.
* * * LOW HITPOINT WARNING * * *
The river rat bites you.
* * * LOW HITPOINT WARNING * * *
Your unstable footing causes you to fumble your attack.
The rat bites you.
* * * LOW HITPOINT WARNING * * *
The river rat bites you.
You die...

#########
#.≈≈∩..†###
#.≈.≈≈∩.r@≈≈#
..≈≈≈#####≈r≈..#
.≈≈# ###.≈≈# ≈.
#≈≈.# ≈ ...# ..#
##


You could see a river rat and a rat.

Vanquished Creatures
  An orc priest (D:3)
  An adder (D:3)
  A howler monkey skeleton (D:3)
  A river rat (D:3)
  2 worms (D:3)
  4 dart slugs
  2 orcs (D:3)
  3 ball pythons
  6 endoplasms
  A giant cockroach (D:1)
  4 goblins
  6 hobgoblins
  2 kobolds (D:1)
  3 quokkas
  3 bats
  2 frilled lizards (D:1)
  8 rats
50 creatures vanquished.

Notes
Turn   | Place    | Note
-------+----------+-------------------------------------------
     0 | Abyss:1  | greena the Minotaur Abyssal Knight began the quest for the
                  | Orb.
     0 | Abyss:1  | Reached XP level 1. HP: 19/19 MP: 1/1
    57 | D:1      | Escaped the Abyss
   426 | D:1      | Reached XP level 2. HP: 23/27 MP: 2/2
   479 | D:1      | Reached skill level 4 in Fighting
   601 | D:1      | Found Retunial's Armour Shop.
   655 | D:1      | Reached * piety under Lugonu
   868 | D:1      | Reached XP level 3. HP: 33/33 MP: 3/3
  2057 | D:3      | Found an opulent altar of Gozag.
  2175 | D:3      | Found a shimmering blue altar of Sif Muna.
  2279 | D:3      | Reached XP level 4. HP: 31/41 MP: 4/4
  2362 | D:3      | Found a glowing drain.
  2366 | Sewer    | Entered a sewer
  2373 | Sewer    | Reached ** piety under Lugonu
  2377 | Sewer    | Slain by a river rat

Illustrated notes

Levels and vault maps discovered:
D:1:      tarquinn_simple_flora_water_c, layout_loops_ring, serial_shops, shop,
          minmay_tall_x
D:2:      layout_loops_ring
D:3:      layout_rooms, yredelemnul_forgotten_temple_becter,
          mainiacjoe_overflow_paths, lemuel_tele_altar, gup_sewer_entry_spiral,
          shapermc_ecumenical_altar_pompeii
Sewer:    sewer_hellmonk_bad_rat

Skill      XL: |  1  2  3 |
---------------+----------+-----
Invocations    | 2 |  2.2
Fighting       | 4 |  4.5
Polearms       | 3 |  3.8
Armour         | 3 |  3.6
Dodging        | |  1.8
Stealth        | |  0.3

Action                   |  1- 3 |  4- 6 || total
-------------------------+-------+-------++-------
Melee: Spear             |   111 |    39 ||   150
       Headbutt          |     8 |     4 ||    12
       Punch             |     2 |     1 ||     3
Invok: Depart the Abyss  |     1 |       ||     1
  Use: Scroll            |     6 |       ||     6
       Potion            |       |     1 ||     1
Armor: Leather armour    |    17 |     5 ||    22
Dodge: Dodged            |    28 |    12 ||    40
